 Dungeon Crawl Stone Soup version 0.29.1-15-g9cfb28693d (webtiles) character file.

Game seed: 15741830005922574736

119 fleeber the Shooter (level 5, 0/41 HPs)
             Began as a Barachi Hunter on Mar 16, 2023.
             Slain by a black bear (4 damage)
             ... on level 5 of the Dungeon.
             The game lasted 00:03:46 (2331 turns).

fleeber the Shooter (Barachi Hunter)                Turns: 2331, Time: 00:03:47

Health: 0/41       AC:  3    Str: 13    XL:     5   Next: 3%
Magic:  5/5        EV: 13    Int:  9    God:
Gold:   118        SH:  0    Dex: 17    Spells: 4/4 levels left

rFire   . . .      SeeInvis .   a - +0 shortbow
rCold   . . .      Faith    .   (shield currently unavailable)
rNeg    . . .      Spirit   .   c - +0 leather armour
rPois   .          Reflect  .   (no helmet)
rElec   .          Harm     .   (no cloak)
rCorr   .          Rampage  .   (no gloves)
Will    .....                   (no boots)
Stlth   ++........              (no amulet)
HPRegen 0.13/turn               (no ring)
MPRegen 0.09/turn               (no ring)

@: unable to hop, slow
A: amphibious, slowness 1, strong legs 1, +LOS
a: Hop


You were on level 5 of the Dungeon.
You visited 1 branch of the dungeon, and saw 5 of its levels.

You collected 118 gold pieces.

Inventory:

Hand Weapons
 a - a +0 shortbow (weapon)
Armour
 c - a +0 leather armour (worn)
Wands
 m - a wand of polymorph (6)
Scrolls
 b - a scroll of immolation
 f - a scroll of teleportation
 g - a scroll of amnesia {unknown}
 k - a scroll of identify
 o - a scroll of magic mapping {unknown}
 p - a scroll of enchant weapon {unknown}
Potions
 d - a potion of mutation {unknown}
 e - a potion of might {unknown}
 h - a potion of lignification {unknown}
 i - a potion of resistance {unknown}
 j - 2 potions of haste
 l - a potion of heal wounds {unknown}
 n - 2 potions of degeneration


   Skills:
 + Level 3.6 Fighting
 * Level 5.2 Ranged Weapons
 + Level 3.3 Dodging
 - Level 0.8 Stealth


You had 4 spell levels left.
You didn't know any spells.
Your spell library contained the following spells:

 Spells                   Type           Power      Damage    Failure   Level
 Necrotise                Necr           0%         1d4       45%         1
 Vampiric Draining        Necr           0%         2d6       83%         3
 Agony                    Necr           0%         N/A       100%        5


Dungeon Overview and Level Annotations

Branches:
Dungeon (6/15)
 Temple: D:4-7

Altars:
Yredelemnul


Innate Abilities, Weirdness & Mutations

You are amphibious.
You cover ground slowly.
You can hop short distances.
You have an extended range of vision and can be seen from far away.


Message History

[Y]es or [N]o only, please.
Really attack while wielding your +0 shortbow? [Y]es or [N]o only, please.
Really attack while wielding your +0 shortbow? [Y]es or [N]o only, please.
Really attack while wielding your +0 shortbow? [Y]es or [N]o only, please.
Really attack while wielding your +0 shortbow?
Okay, then.
Okay, then.
Unknown command.
There are no items here.
There are no items here.
Fire: a) +0 shortbow
Press: ? - help, Q - select action, (/) - cycle Shift-Dir - straight line, f - black bear
Aim: a black bear (70% to hit)
You can't see any item there.
You shoot an arrow. The arrow barely misses the black bear.
The black bear misses you.
The black bear claws you but does no damage.
The black bear closely misses you.
Fire: a) +0 shortbow
Press: ? - help, Q - select action, (/) - cycle Shift-Dir - straight line, f/p - black bear
Aim: a black bear (70% to hit)
You shoot an arrow. The arrow hits the black bear.
The black bear is moderately wounded.
The black bear bites you.
* * * LOW HITPOINT WARNING * * *
The black bear barely misses you. The black bear closely misses you.
The black bear completely misses you.
The black bear claws you but does no damage.
The black bear misses you.
Fire: a) +0 shortbow
Press: ? - help, Q - select action, (/) - cycle Shift-Dir - straight line, f/p - black bear
Aim: a black bear (moderately wounded, 70% to hit)
You shoot an arrow. The arrow barely misses the black bear.
The black bear bites you.
* * * LOW HITPOINT WARNING * * *
The black bear claws you.
You die...

.. # ... .. # #
... #. .#.#
...##. ###...#
.....# #@....# .
.#...
#####h###..#
D...##..##.....#
#.......#####
#.###...#
##.#...#......#
##)...########.#
####..[###
#...>.#


You could see a black bear.

Vanquished Creatures
  Terence (D:2)
  2 adders (D:2)
  3 worms
  2 dart slugs
  6 ball pythons
  3 bats
  8 endoplasms
  2 giant cockroaches
  5 goblins
  7 hobgoblins
  6 jackals
  3 kobolds
  3 frilled lizards
  4 rats
55 creatures vanquished.

Vanquished Creatures (others)
  3 plants (D:3)
3 creatures vanquished.

Grand Total: 58 creatures vanquished

Notes
Turn   | Place    | Note
-------+----------+-------------------------------------------
     0 | D:1      | fleeber the Barachi Hunter began the quest for the Orb.
     0 | D:1      | Reached XP level 1. HP: 17/17 MP: 1/1
     0 | D:1      | Noticed a felid
     0 | D:1      | Noticed a vine stalker
     1 | D:1      | Noticed a demonspawn
     2 | D:1      | Noticed a merfolk
     4 | D:1      | Noticed a formicid
     4 | D:1      | Noticed a merfolk
     6 | D:1      | Noticed a felid
     9 | D:1      | Noticed a draconian
    11 | D:1      | Noticed a vampire
    13 | D:1      | Noticed an octopode
    17 | D:1      | Noticed a merfolk
    17 | D:1      | Noticed a merfolk
   105 | D:1      | Reached XP level 2. HP: 23/23 MP: 2/2
   301 | D:1      | Found a faded altar of an unknown god.
   516 | D:1      | Reached XP level 3. HP: 28/28 MP: 3/3
   866 | D:2      | Noticed Terence
   874 | D:2      | Killed Terence
   875 | D:2      | Reached XP level 4. HP: 12/35 MP: 4/4
  1230 | D:2      | Reached skill level 5 in Ranged Weapons
  1273 | D:2      | Found a basalt altar of Yredelemnul.
  2269 | D:3      | Reached XP level 5. HP: 41/41 MP: 5/5
  2308 | D:3      | You fall into a shaft and drop 3 floors!
  2309 | D:6      | Noticed a black bear
  2313 | D:6      | Noticed an ice beast
  2316 | D:5      | Entered Level 5 of the Dungeon
  2320 | D:5      | Noticed a steam dragon
  2331 | D:5      | Slain by a black bear

Illustrated notes

Levels and vault maps discovered:
D:1:      shiori_arrival_whats_in_store_for_you, layout_loops_ring,
          basic_ecumenical_altar, dreamdust_wishing_well
D:2:      minmay_evil_eye, layout_basic, basic_altar, uniq_terence
D:3:      minmay_thinvault, layout_basic, serial_forest,
          infiniplex_forest_corner_1, infiniplex_forest_clump_double,
          infiniplex_forest_lined_room_2, infiniplex_forest_lined_3_way,
          infiniplex_forest_corner_2, infiniplex_forest_join,
          infiniplex_forest_lined_2, gammafunk_ghost_necromancy,
          serial_bayou_pond_a, dreamdust_princess_bridge, grunt_ministairs_7,
          hangedman_abyss_or_decor_lesser_grid, minmay_misc_feat_iff,
          uniq_jessica, uniq_natasha
D:5:      layout_rooms
D:6:      layout_rooms, minmay_temple_entry_butterflies

Skill      XL: |  1  2  3  4 |
---------------+-------------+-----
Fighting       | 3 |  3.6
Dodging        | 3 |  3.3
Ranged Weapons | 5 |  5.2
Stealth        | |  0.8

Action                   |  1- 3 |  4- 6 || total
-------------------------+-------+-------++-------
 Fire: Shortbow          |    64 |    73 ||   137
 Abil: Hop               |       |     1 ||     1
  Use: Scroll            |       |     2 ||     2
Armor: Leather armour    |     7 |    14 ||    21
Dodge: Dodged            |    19 |    29 ||    48
